 Dungeon Crawl Stone Soup version 0.31-a0-1074-g0b22e4e0f1 (webtiles) character file.

Game seed: 13436728303916078545

132 kae the Vexing (level 4, 0/32 HPs)
             Began as a Demonspawn Enchanter on Nov 26, 2023.
             Slain by an orc
             ... wielding a +0 hand axe
              (6 damage)
             ... on level 3 of the Dungeon.
             The game lasted 00:02:14 (1996 turns).

kae the Vexing (Demonspawn Enchanter)               Turns: 1996, Time: 00:02:14

Health: 0/32       AC:  2    Str:  9    XL:     4   Next: 92%
Magic:  0/7        EV: 12    Int: 18    God:
Gold:   37         SH:  4    Dex: 13    Spells: 2/7 levels left

rFire   . . .        a - +1 dagger
rCold   . . .        (no shield)
rNeg    . . .        b - +0 robe
rPois   .            (helmet restricted)
rElec   .            (no cloak)
rCorr   .            (no gloves)
SInv    .            (no boots)
Will    .....        G - amulet of guardian spirit
Stlth   ++           (no ring)
HPRegen 0.25/turn    (no ring)
MPRegen 0.10/turn

%: guardian spirit
@: about to teleport, very slightly contaminated
A: horns 1, foul stench 1, condensation shield
a: no special abilities


You were on level 3 of the Dungeon.
You visited 1 branch of the dungeon, and saw 3 of its levels.

You collected 102 gold pieces.
You spent 65 gold pieces at shops.


Innate Abilities, Weirdness & Mutations

You have a pair of small horns on your head.
You may rarely emit foul miasma when damaged in melee.
A meltable shield of frost defends you. (SH +4)


   Skills:
 + Level 1.4 Fighting
 * Level 2.2 Short Blades
 + Level 2.2 Dodging
 + Level 3.1 Stealth
 + Level 2.4 Spellcasting
 * Level 3.8 Hexes


You had 2 spell levels left.
You knew the following spells:

 Your Spells              Type           Power      Damage    Failure   Level
a - Ensorcelled Hibernat  Hex/Ice        18%        N/A       12%         2
b - Confusing Touch       Hex            15%        N/A       11%         3

Your spell library contained the following spells:

 Spells                   Type           Power      Damage    Failure   Level
 Shock                    Conj/Air       8%         1d3       17%         1
 Tukima's Dance           Hex            15%        N/A       11%         3
 Dazzling Flash           Conj/Hex       18%        N/A       24%         3
 Swiftness                Air            2%         N/A       45%         3
 Airstrike                Air            1%         2d(1-17)  86%         4
 Sticky Flame             Conj/Fire      2%         2d3       86%         4
 Bombard                  Conj/Erth      1%         9d1       100%        6

Inventory:

Hand Weapons
 a - a +1 dagger (weapon)
Missiles
 g - 30 stones
Armour
 b - a +0 robe (worn)
 h - a +1 scale mail of willpower
   (You found it on level 2 of the Dungeon)
Jewellery
 G - an amulet of guardian spirit (around neck)
   (You found it on level 2 of the Dungeon)
Scrolls
 f - a scroll of vulnerability {!r!r}
 o - a scroll of immolation {!r!r}
Potions
 c - a potion of invisibility
 d - a potion of attraction {!q}
 e - a potion of lignification {!q}
 i - a potion of brilliance
 j - a potion of haste {unknown}
 l - a potion of degeneration {unknown}
 m - a potion of ambrosia {unknown}
 n - a potion of heal wounds {@q2}

Dungeon Overview and Level Annotations

Branches:
Dungeon (3/15) Zot: 16016

Altars:
Gozag

Shops:
D:2 !   D:3 *

Annotations:
D:3 Sigmund

#######....####
##.#######... ....# ###.##
#.# #### ###.# #.# #.# #
#.# #.# #+## # #.# #.#
#...## ###.# #.####
##.....## ....# #.##.##
##.......#
..#######.#...####.o.......
................@o.o.......
#.#######.#...####..o......
#.# #.##.## ##.S.....# .
#.#######.#### ##.....##
#....≈≈≈≈≈≈≈# #...##
#.≈≈≈≈.....≈# #+##
#.≈....⌠.⌠.≈# ...._...∩..≈#
..≈....⌠.⌠.≈#


You could see 2 orc priests, 2 orcs and a ball python.


Message History

No target in view!
No target in view!
No target in view!
No target in view!
Something hits you.
Things that are here:
a +0 mace; a +0 leather armour; an orc corpse 😕 HP[-1]
You take 1 damage, and now have 28/32 hp.
Something hits you. 😕 HP[-2]
You take 2 damage, and now have 26/32 hp.
Found an escape hatch in the ceiling.
Something hits you. 😮 HP[-2]
You take 2 damage, and now have 24/32 hp.
Something hits you but does no damage. 😕 HP[+1]
Something hits you. 😕 MP[-1]
You lost 1 mp, and now have 6/7 mp.
You hear some strange, mumbled words.
A puff of flame appears from out of thin air!
The puff of flame hits you!
Your condensation shield dissipates!
* * * LOW HITPOINT WARNING * * *
😨 HP[-9] MP[-2]
You take 9 damage, and now have 16/32 hp.
MASSIVE DAMAGE!! (PAUSE)
You lost 2 mp, and now have 4/7 mp. 😮 HP[+1]
There is an escape hatch in the ceiling here.
A mysterious force pulls you upwards. The hatch slams shut behind you.
Reactivating autopickup.
Unknown command. 😮 HP[+1]
Your icy envelope is restored.
Done exploring. 😕 HP[+9] MP[+3]
You regained 9 hp, and now have 27/32 hp.
Your mp is fully restored (7).
Done exploring.
Done exploring.
There is a stone staircase leading down here.
You climb downwards.
Level annotation: Sigmund
There is a stone staircase leading up here. 😕 HP[+2]
You regained 2 hp, and now have 29/32 hp.
There is an open door here.
There is an open door here.
You see here a ball python skeleton.
You open the door.
An orc and 2 orc priests come into view.
There are monsters nearby!
A ball python comes into view.
There is an open door here.
The orc shouts!
An orc comes into view. It is wielding a +0 whip.
There are monsters nearby!
There are monsters nearby!
The orc shouts!
The orc priest mumbles some strange prayers to Beogh against you.
Beogh smites you!
The orc priest shouts!
You are too injured to fight recklessly! 😮 HP[-7] MP[-1]
You take 7 damage, and now have 22/32 hp.
MASSIVE DAMAGE!! (PAUSE)
You lost 1 mp, and now have 6/7 mp.
The orc priest calls down the wrath of Beogh upon you.
Beogh smites you!
* * * LOW HITPOINT WARNING * * *
The ball python hisses angrily. 😨 HP[-8] MP[-2]
You take 8 damage, and now have 14/32 hp.
MASSIVE DAMAGE!! (PAUSE)
You lost 2 mp, and now have 4/7 mp.
There is an open door here.
The orc priest calls down the wrath of Beogh upon you.
Beogh smites you!
* * * LOW HITPOINT WARNING * * *
😱 HP[-9] MP[-2]
You take 9 damage, and now have 5/32 hp.
MASSIVE DAMAGE!! (PAUSE)
You lost 2 mp, and now have 2/7 mp.
Casting: Ensorcelled Hibernation (safe; 12% risk of failure)
Confirm with . or Enter, or press ? or * to list all spells.
Aiming: Ensorcelled Hibernation (safe; 12% risk of failure)
Press: ? - help, Shift-Dir - straight line, f - orc
Aim: an orc, wielding a +0 hand axe (chance to affect: 61%)
You miscast Ensorcelled Hibernation.
You are very lightly contaminated with residual magic.
Nothing appears to happen. 😱 HP[+1] MP[-2]
You lost 2 mp, and now have 0/7 mp.
Okay, then.
As you read the scroll of teleportation {@r4}, it crumbles to dust.
You feel strangely unstable. The orc hits you with a +0 hand axe.
You die...

Skill      XL: |  1  2  3 |
---------------+----------+-----
Short Blades   | 1 2 |  2.2
Dodging        | 2 |  2.2
Stealth        | 3 |  3.1
Fighting       | 1 |  1.4
Spellcasting   | |  2.4
Hexes          | |  3.8

Action                     |  1- 3 |  4- 6 || total
---------------------------+-------+-------++-------
  Melee: Dagger            |    99 |    60 ||   159
         Headbutt          |       |    12 ||    12
         Punch             |       |     2 ||     2
   Cast: Ensorcelled Hiber |     6 |     2 ||     8
    Use: Scroll            |     2 |     4 ||     6
         Potion            |     4 |       ||     4
   Stab: Sleeping          |     8 |    10 ||    18
         Invisible         |     1 |     1 ||     2
 Armour: Robe              |    47 |    26 ||    73
         Skin              |     4 |       ||     4
  Dodge: Dodged            |    56 |    25 ||    81
  Block: Other             |     8 |    10 ||    18

Levels and vault maps discovered:
D:1:      dpeg_arrival_pits, layout_rooms
D:2:      layout_rooms, serial_shops, shop
D:3:      layout_loops_corners, nicolae_gozag_zags_fifth_avenue, uniq_sigmund

Notes
Turn   | Place    | Note
-------+----------+-------------------------------------------
     0 | D:1      | kae the Demonspawn Enchanter began the quest for the Orb.
     0 | D:1      | Reached XP level 1. HP: 13/13 MP: 3/3
     0 | D:1      | magus.rc [v1.11.3]
    60 | D:1      | Reached skill level 1 in Short Blades
   122 | D:1      | Gained mutation: A meltable shield of frost defends you.
                  | (SH +4) [demonic ancestry]
   122 | D:1      | Reached XP level 2. HP: 14/20 MP: 5/5
   583 | D:2      | Learned a level 2 spell: Ensorcelled Hibernation
   615 | D:2      | Reached skill level 2 in Dodging
   624 | D:2      | Gained mutation: You may rarely emit foul miasma when
                  | damaged in melee. [demonic ancestry]
   624 | D:2      | Reached XP level 3. HP: 15/25 MP: 3/6
   630 | D:2      | You fall into a shaft and drop 1 floor!
   733 | D:3      | HP: 5/25 [orc priest/divine providence (10)]
   736 | D:3      | HP: 1/25 [orc priest/+0 whip (5)]
   747 | D:3      | Reached skill level 3 in Stealth
   750 | D:3      | Reached skill level 1 in Fighting
   750 | D:3      | Reached skill level 2 in Short Blades
   750 | D:3      | You feel monstrous as your demonic heritage exerts itself.
   750 | D:3      | Discovered your monstrous ancestry.
   750 | D:3      | Gained mutation: You have a pair of small horns on your
                  | head. [demonic ancestry]
   750 | D:3      | Reached XP level 4. HP: 6/32 MP: 2/7
   997 | D:2      | Found Pirr's Distillery.
  1257 | D:2      | Bought a potion of heal wounds for 65 gold pieces
  1459 | D:3      | Learned a level 3 spell: Confusing Touch
  1555 | D:3      | Found Gozag's Platinum Reserve.
  1635 | D:3      | Found an opulent altar of Gozag.
  1696 | D:3      | Noticed Sigmund
  1725 | D:3      | You add the spells Sticky Flame and Bombard to your
                  | library.
  1725 | D:3      | Got Sif Muna's Directory of Arenous Pyromancy
  1822 | D:3      | You pick up a book of Air and begin reading...
  1822 | D:3      | You add the spells Shock, Swiftness and Airstrike to your
                  | library.
  1994 | D:3      | HP: 5/32 [orc priest/divine providence (9)]
  1996 | D:3      | Slain by an orc

Vanquished Creatures
  2 orc priests (D:3)
  2 worms
  A dart slug (D:3)
  6 orcs (D:3)
  6 endoplasms
  2 giant cockroaches
  3 hobgoblins
  5 quokkas
  10 ball pythons
  11 bats
  A frilled lizard (D:1)
  4 goblins
  3 kobolds
  2 rats
58 creatures vanquished.

Table legend:
 A = Non-vault XP
 B = Vault XP
 C = Vault XP percentage of total XP
 D = Non-vault monster count
 E = Vault monster count
 F = Vault count percentage of total count
                 A         B        C        D         E       F
            +---------+---------+-------+---------+---------+-------
      Total |     189 |       0 |   0.0 |      58 |       0 |   0.0
            +---------+---------+-------+---------+---------+-------
        D:1 |      30 |       0 |   0.0 |      19 |       0 |   0.0
        D:2 |      39 |       0 |   0.0 |      21 |       0 |   0.0
        D:3 |     120 |       0 |   0.0 |      18 |       0 |   0.0
            +---------+---------+-------+---------+---------+-------

Skill      XL: |  1  2  3 |
---------------+----------+-----
Short Blades   | 1 2 |  2.2
Dodging        | 2 |  2.2
Stealth        | 3 |  3.1
Fighting       | 1 |  1.4
Spellcasting   | |  2.4
Hexes          | |  3.8

Action                     |  1- 3 |  4- 6 || total
---------------------------+-------+-------++-------
  Melee: Dagger            |    99 |    60 ||   159
         Headbutt          |       |    12 ||    12
         Punch             |       |     2 ||     2
   Cast: Ensorcelled Hiber |     6 |     2 ||     8
    Use: Scroll            |     2 |     4 ||     6
         Potion            |     4 |       ||     4
   Stab: Sleeping          |     8 |    10 ||    18
         Invisible         |     1 |     1 ||     2
 Armour: Robe              |    47 |    26 ||    73
         Skin              |     4 |       ||     4
  Dodge: Dodged            |    56 |    25 ||    81
  Block: Other             |     8 |    10 ||    18

Illustrated notes

Table legend:
 A = Kills in this place as a percentage of kills in the entire game.
 B = Kills by you in this place as a percentage of kills by you in the entire game.
 C = Kills by friends in this place as a percentage of kills by friends in the entire game.
 D = Other kills in this place as a percentage of other kills in the entire game.
 E = Experience gained in this place as a percentage of experience gained in the entire game.
 F = Experience gained in this place divided by the number of levels of this place that you have seen.
                   A       B       C       D       E      F
               +-------+-------+-------+-------+-------+----------------------
         Total | 100.0 | 100.0 |   N/A |   N/A | 100.0 |  63.0
       Dungeon | 100.0 | 100.0 |   N/A |   N/A | 100.0 |  63.0
               +-------+-------+-------+-------+-------+----------------------

Table legend: (Time is in decaauts)
 A = Elapsed time spent in this place.
 B = Non-inter-level travel time spent in this place.
 C = Inter-level travel time spent in this place.
 D = Time resting spent in this place.
 E = Time spent auto-exploring this place.
 F = Levels seen in this place.
 G = Mean time per level.
                   A        B        C        D        E       F      G
               +--------+--------+--------+--------+--------+-----+--------+
         Total |   1982 |   1908 |     74 |     71 |   1436 |   3 |  660.7 |
       Dungeon |   1982 |   1908 |     74 |     71 |   1436 |   3 |  660.7 |
               +--------+--------+--------+--------+--------+-----+--------+

Top non-repeatable levels by time:
     D:3: 859 daAuts
     D:1: 575 daAuts
     D:2: 547 daAuts
